 Dungeon Crawl Stone Soup version 0.21.1-1-g345015fe64 (webtiles) character file.

1319 Ivernyr the Chucker (level 8, -2/42 HPs)
             Began as a Vine Stalker Monk on June 9, 2018.
             Slain by Pikel
             ... wielding a +2 whip of electrocution
              (15 damage)
             ... on level 6 of the Dungeon.
             The game lasted 00:13:30 (5306 turns).

Ivernyr the Chucker (Vine Stalker Monk)             Turns: 5306, Time: 00:13:30

Health: -2/42      AC:  8    Str: 15    XL:     8   Next: 59%
Magic:  0/9        EV: 10    Int: 10    God:
Gold:   242        SH:  0    Dex: 18    Spells: 5/7 levels left

rFire    . . .     SeeInvis .   a - +0 long sword
rCold    . . .     Gourm    .   (no shield)
rNeg     + . .     Faith    .   b - +0 scale mail
rPois    .         Spirit   +   (no helmet)
rElec    .         Reflect  .   (no cloak)
rCorr    .         Harm     .   m - +0 pair of gloves
MR       +....                  (no boots)
Stlth    +.........             (no amulet)
HPRegen  0.54/turn              s - ring of positive energy
MPRegen  0.11/turn              (no ring)

@: no status effects
A: fangs 3, regeneration 1, magic shield, antimagic bite, no potion heal 3, rot
immunity
a: no special abilities


You were on level 6 of the Dungeon.
You were hungry.

You visited 1 branch of the dungeon, and saw 6 of its levels.

You collected 242 gold pieces.

Inventory:

Hand Weapons
 a - a +0 long sword (weapon)
 w - a +0 blowgun
Missiles
 n - 11 poisoned needles
Armour
 b - a +0 scale mail (worn)
 m - a +0 pair of gloves (worn)
Jewellery
 s - a ring of positive energy (left hand)
Wands
 x - a wand of iceblast (5)
 z - a wand of polymorph (7)
 A - a wand of random effects (20)
Scrolls
 e - a scroll of blinking {unknown}
 f - 9 scrolls of identify {unknown}
 k - 2 scrolls of remove curse {unknown}
 q - a scroll of teleportation {unknown}
 u - 3 scrolls of magic mapping {unknown}
 v - a scroll of fear {unknown}
 y - a scroll of enchant weapon {unknown}
 C - a scroll of amnesia {unknown}
Potions
 d - 3 potions of curing
 g - a potion of degeneration {unknown}
 h - 3 potions of heal wounds {unknown}
 i - a potion of invisibility {unknown}
 j - a potion of brilliance {unknown}
 l - 2 potions of mutation {unknown}
 o - a potion of haste {unknown}
 p - a potion of might {unknown}
 r - a potion of lignification {unknown}
 t - a potion of berserk rage {unknown}
Comestibles
 c - 5 rations


   Skills:
 + Level 4.8 Fighting
 + Level 4.9 Long Blades
 * Level 5.8 Throwing
 + Level 3.5 Armour
 - Level 2.4 Dodging
 - Level 2.4 Stealth


You had 5 spell levels left.
You knew the following spells:

 Your Spells              Type           Power        Failure   Level  Hunger
a - Blink                 Tloc           N/A          91%         2    ###....


Dungeon Overview and Level Annotations

Branches:
Dungeon (6/15)
 Temple: D:4-7

Altars:
Qazlal
Sif Muna
Xom

Shops:
D:4 }*

Annotations:
D:6 Pikel


Innate Abilities, Weirdness & Mutations

You have razor-sharp teeth.
Your natural rate of healing is unusually fast.
When hurt, damage is shared between your health and your magic reserves.
Your bite disrupts and absorbs the magic of your enemies.
Potions cannot restore your health.
You are immune to rotting.


Message History

Pikel hits you with a whip of electrocution.
* * * LOW HITPOINT WARNING * * *
You barely miss Pikel. Your bite misses Pikel.
Pikel is heavily wounded.
The orc wizard miscasts a cantrip.
Pikel hits you but does no damage.
The orc wizard casts a spell.
The orc wizard seems to speed up.
Your scale mail prevents you from hitting Pikel.
You bite Pikel. You drain his power.
You feel invigorated.
Pikel is heavily wounded.
Pikel closely misses you.
You riposte.
You barely miss Pikel.
Pikel is heavily wounded.
You hit Pikel but do no damage.
Pikel is heavily wounded.
Pikel hits you but does no damage.
You hit Pikel. You bite Pikel, but do no damage.
Pikel is severely wounded.
Pikel hits you but does no damage.
You are electrocuted!
You die...

### #.#############
#..@Kpopo.p...####
#.########.......###
#.# #.#<......# #.#
#.###.#.#.#
#.########p....#.#.#
#..p†op........#.#.#
##############.#.#.#
#.#.#p# #.#.#.#


You could see Pikel, 3 slaves, an orc wizard and an orc.

Vanquished Creatures
  Edmund (D:5)
  The ghost of Jens78 the Insei, an amateur OpTm (D:4)
  Duvessa (D:5)
  2 ogres (D:4)
  Blork the orc (D:5)
  A bullfrog (D:6)
  Dowan (D:5)
  4 howler monkeys
  A jelly (D:5)
  An orc priest (D:3)
  2 hounds (D:5)
  2 iguanas
  4 worker ants
  3 gnolls (D:2)
  7 adders
  A shadow imp (D:4)
  3 worms
  5 leopard geckos
  11 orcs
  6 bats
  6 giant cockroaches
  7 goblins
  9 hobgoblins
  15 jackals
  10 kobolds
  3 ball pythons
  7 frilled lizards
  A jackal skeleton (D:5)
  A quokka skeleton (D:4)
  5 rats
122 creatures vanquished.

Notes
Turn   | Place    | Note
-------+----------+-------------------------------------------
     0 | D:1      | Ivernyr the Vine Stalker Monk began the quest for the Orb.
     0 | D:1      | Reached XP level 1. HP: 11/11 MP: 2/2
   208 | D:1      | Reached XP level 2. HP: 16/16 MP: 3/3
   239 | D:1      | Reached skill level 1 in Throwing
   751 | D:1      | Reached XP level 3. HP: 19/19 MP: 4/4
  1383 | D:2      | Reached skill level 1 in Armour
  1688 | D:2      | Gained mutation: Your natural rate of healing is unusually fast. [Vine Stalker growth]
  1688 | D:2      | Reached XP level 4. HP: 11/24 MP: 3/5
  1900 | D:2      | Found a deep blue altar of Sif Muna.
  1983 | D:2      | Reached skill level 2 in Throwing
  1988 | D:2      | Found a shimmering altar of Xom.
  2597 | D:3      | Learned a level 2 spell: Blink
  2799 | D:3      | Reached XP level 5. HP: 27/28 MP: 6/6
  3414 | D:4      | Noticed Jens78's ghost (amateur OpTm)
  3484 | D:4      | Reached skill level 3 in Throwing
  3490 | D:4      | Reached XP level 6. HP: 15/32 MP: 4/7
  3552 | D:4      | HP: 1/32 [iguana (10)]
  3690 | D:4      | Found Naoreupemp's Assorted Antiques.
  3976 | D:4      | Killed Jens78's ghost
  3976 | D:4      | Reached skill level 4 in Throwing
  3976 | D:4      | Reached XP level 7. HP: 34/37 MP: 8/8
  4059 | D:4      | Found Sihuohats's Gadget Emporium.
  4143 | D:5      | Entered Level 5 of the Dungeon
  4309 | D:5      | Noticed a fire elemental
  4320 | D:5      | Noticed Duvessa
  4321 | D:5      | Found a stormy altar of Qazlal.
  4332 | D:5      | Noticed Dowan
  4375 | D:5      | Killed Duvessa
  4375 | D:5      | Gained mutation: You have razor-sharp teeth. [Vine Stalker growth]
  4375 | D:5      | Reached XP level 8. HP: 6/42 MP: 1/9
  4394 | D:5      | Killed Dowan
  4394 | D:5      | Reached skill level 5 in Throwing
  4488 | D:5      | Noticed a water elemental
  4488 | D:5      | Noticed an air elemental
  4643 | D:5      | Noticed Blork the orc
  4670 | D:5      | Killed Blork the orc
  4893 | D:5      | Noticed Edmund
  4913 | D:5      | Killed Edmund
  5212 | D:6      | Noticed Pikel
  5281 | D:6      | HP: 1/42 [Pikel/whip of electrocution (7)]
  5306 | D:6      | Slain by Pikel

Skill      XL: |  1  2  3  4  5  6  7  8 |
---------------+-------------------------+-----
Throwing       | 1 2 3 4 5 |  5.8
Fighting       | 3 4 |  4.8
Long Blades    | 3 4 |  4.9
Armour         | 1 2 3 |  3.5
Dodging        | |  2.4
Stealth        | |  2.4

Action                   |  1- 3 |  4- 6 |  7- 9 || total
-------------------------+-------+-------+-------++-------
Melee: Falchion          |    91 |   106 |       ||   197
       Bite              |    31 |    52 |    72 ||   155
       Long sword        |       |    49 |   180 ||   229
 Fire: Blowgun           |       |     6 |       ||     6
 Stab: Sleeping          |     4 |     5 |     1 ||    10
  Eat: Chunk             |     2 |     7 |     5 ||    14
Armor: Robe              |    16 |    22 |       ||    38
       Scale mail        |       |       |    60 ||    60
       Skin              |       |       |    13 ||    13
Dodge: Dodged            |    79 |    93 |    79 ||   251
       Rpst.: Falchion   |    27 |    12 |       ||    39
       Long sword        |       |    14 |    25 ||    39
